Map: Ever Dream LE

Players

FireFoX

  • Race: Zerg Zerg
  • Spawn Location: 1:00

LiquidTLO (TLO) - Winner!

  • Race: Zerg Zerg
  • League: Master
  • Spawn Location: 7:00

Event: DreamHack SC2 Masters 2020 Summer North America

VOD

Have the link to the VOD?

Description

Time

  • Played on: July 2, 2020, 3:22 p.m.
  • Length: 8:44

All games in this series

Show
View Real Time Build Order
Export as new Build Order

FireFoX Zerg 

Build Orders: Hatch First 

Get SALT Encoding   

  12  0:00  Drone  
  13  0:08  Drone  
  14  0:16  Overlord  
  14  0:22  Extractor  
  14  0:23  Drone  
  15  0:34  Drone  
  15  0:35  Drone  
  17  0:51  Hatchery  
  17  0:55  Drone  
  17  0:58  Extractor  
  17  1:00  Drone  
  17  1:14  Spawning Pool  
  17  1:17  Drone  
  17  1:21  Drone  
  18  1:27  Drone  
  19  1:37  Overlord  
  19  2:01  Metabolic Boost, Zergling x4  
  21  2:02  Queen  
  21  2:04  Zergling x2  
  24  2:10  Queen  
  24  2:15  Drone  
  27  2:17  Drone  
  28  2:23  Drone  
  29  2:39  Hatchery  
  28  2:47  Roach Warren  
  27  3:03  Zergling x6  
  27  3:04  Zergling x6  
  32  3:12  Overlord  
  32  3:24  Overlord  
  33  3:34  Roach x4  
  33  3:40  Roach  
  41  3:44  Drone  
  42  3:52  Roach x2  
  46  4:01  Drone x3  
  49  4:10  Drone x2  
  51  4:18  Drone x4  
  51  4:21  Drone  
  56  4:27  Evolution Chamber  
  55  4:33  Roach  
  57  4:40  Zergling x2  
  57  4:41  Overlord  
  58  4:49  Evolution Chamber  
  58  4:51  Evolution Chamber  
  56  4:55  Roach  
  55  5:14  Drone x8  
  57  5:15  Drone  
  64  5:21  Drone x2  
  65  5:32  Overlord x2  
  65  5:33  Lair  
  61  5:53  Drone x4  
  61  5:54  Drone x3  
  65  6:08  Extractor  
  65  6:10  Extractor  
  63  6:17  Queen x2  
  61  6:33  Nydus Network  
  61  6:37  Roach x3  
  61  6:38  Zergling x2, Queen  
  61  6:39  Zergling x6  
  72  6:40  Zergling x2  
  73  6:51  Overseer  
  73  6:52  Queen  
  73  6:53  Queen  
  77  6:57  Roach x2  
  81  7:17  Nydus Canal  
  81  7:18  Overlord x3  
  81  7:26  Overlord  
  81  7:27  Overlord  
  81  7:28  Overlord  
  81  7:35  Nydus Canal  
  81  7:39  Roach x4  
  89  7:44  Queen  
  91  7:56  Nydus Canal  
  91  8:01  Spore Crawler x2  
  91  8:03  Roach  
  91  8:04  Roach x2  
  86  8:13  Roach  
  86  8:14  Roach  
  73  8:21  Roach  
Show
View Real Time Build Order
Export as new Build Order

LiquidTLO Zerg - Winner!

Build Orders: Hatch First 

Get SALT Encoding   

  12  0:00  Drone  
  13  0:12  Overlord  
  13  0:16  Drone  
  14  0:31  Drone x2  
  16  0:47  Hatchery  
  15  0:51  Drone  
  15  0:54  Drone  
  17  0:57  Drone  
  18  1:04  Extractor  
  17  1:13  Spawning Pool  
  17  1:17  Drone  
  17  1:22  Drone  
  18  1:30  Drone  
  19  1:43  Drone  
  20  1:52  Overlord  
  20  2:00  Queen x2  
  24  2:04  Metabolic Boost  
  24  2:05  Zergling x2  
  25  2:12  Drone x2  
  25  2:15  Drone  
  28  2:20  Drone  
  28  2:22  Drone  
  30  2:32  Zergling x4  
  32  2:43  Overlord  
  32  2:48  Hatchery  
  31  2:58  Drone x2  
  32  2:59  Drone  
  32  3:01  Baneling Nest  
  33  3:05  Drone  
  33  3:06  Drone  
  33  3:07  Drone  
  33  3:09  Drone  
  33  3:10  Drone  
  38  3:15  Drone  
  38  3:16  Zergling x2  
  38  3:19  Drone  
  41  3:27  Zergling x6  
  41  3:31  Overlord  
  44  3:35  Evolution Chamber  
  44  3:37  Overlord  
  44  3:39  Zergling x2  
  44  3:44  Baneling  
  44  3:45  Baneling  
  44  3:49  Extractor  
  44  3:51  Drone  
  44  3:52  Drone  
  44  3:54  Drone  
  44  3:55  Drone  
  48  3:59  Hatchery  
  48  4:02  Zergling x2  
  48  4:04  Zergling x2  
  49  4:16  Roach Warren, Zergling x2  
  52  4:17  Zergling x8  
  52  4:22  Spine Crawler  
  52  4:23  Spine Crawler  
  50  4:25  Spine Crawler  
  50  4:27  Spine Crawler  
  50  4:30  Zergling x2  
  48  4:33  Overlord  
  48  4:37  Overlord  
  48  4:40  Overlord  
  48  4:46  Lair  
  48  4:51  Zergling x8  
  51  4:57  Zergling x2  
  51  4:58  Drone  
  51  5:00  Drone  
  51  5:02  Drone  
  51  5:07  Drone  
  52  5:09  Drone  
  52  5:13  Extractor  
  45  5:14  Extractor  
  45  5:15  Drone  
  45  5:17  Drone  
  45  5:18  Drone  
  45  5:19  Drone x2  
  49  5:23  Drone  
  49  5:26  Drone  
  49  5:27  Drone  
  52  5:29  Drone  
  52  5:32  Zergling x2  
  54  5:44  Overlord  
  54  5:45  Spire  
  54  5:47  Overlord  
  51  5:50  Drone  
  51  5:55  Drone  
  52  5:59  Drone  
  52  6:02  Hatchery  
  52  6:04  Drone  
  52  6:09  Zergling x2  
  52  6:21  Zergling x4  
  52  6:29  Baneling  
  51  6:34  Zergling x6  
  54  6:43  Baneling  
  54  6:57  Mutalisk x9  
  54  7:00  Zergling x8  
  76  7:07  Overlord  
  76  7:09  Overlord  
  76  7:10  Overlord x2  
  76  7:12  Mutalisk  
  78  7:17  Mutalisk  
  78  7:21  Mutalisk  
  82  7:23  Drone  
  82  7:27  Drone  
  82  7:29  Drone x2  
  86  7:33  Mutalisk  
  86  7:34  Drone  
  86  7:35  Drone x2  
  91  7:38  Baneling  
  91  7:39  Drone  
  91  7:41  Drone x2  
  91  7:43  Mutalisk  
  96  7:50  Mutalisk  
  98  7:58  Spine Crawler  
  98  7:59  Spine Crawler  
  98  8:00  Mutalisk  
  97  8:08  Mutalisk  
  95  8:19  Mutalisk  
Tags
 
Add a new tag
Caveats
  • Supply blocks, unpowered buildings, or Contaminate may cause inaccurate times.
  • Supply counts are checked every 10 seconds.